 Dungeon Crawl Stone Soup version 0.24-a0-203-gf0bc1e9 (webtiles) character file.

Game seed: 2731716513778746505

99 Ijustatesigmund the Chopper (level 4, -1/31 HPs)
             Began as an Octopode Fighter on Mar 26, 2019.
             Killed from afar by Sigmund (7 damage)
             ... with a magic dart
             ... on level 3 of the Dungeon.
             The game lasted 00:03:44 (1976 turns).

Ijustatesigmund the Chopper (Octopode Fighter)      Turns: 1976, Time: 00:03:45

Health: -1/31      AC:  3    Str: 20    XL:     4   Next: 72%
Magic:  4/4        EV: 17    Int: 10    God:
Gold:   98         SH: 11    Dex: 17    Spells: 3/3 levels left

rFire    . . .     SeeInvis .   a - +0 war axe
rCold    . . .     Gourm    .   b - +1 shield
rNeg     . . .     Faith    .   (helmet restricted)
rPois    .         Spirit   .   f - amulet of regeneration
rElec    .         Reflect  .   e - ring of attention (curse)
rCorr    .         Harm     .   k - ring of teleportation (curse)
MR       .....     Rnd*Tele +   (no ring)
Stlth    +++.......             (no ring)
HPRegen  0.50/turn              (no ring)
MPRegen  0.09/turn              (no ring)
                                (no ring)
                                (no ring)

@: mighty, agile
A: almost no armour, stealthy swim, amphibious, 8 rings, constrict 8, tentacle
spike 1, slimy green scales 1, camouflage 1, gelatinous body 1
a: no special abilities


You were on level 3 of the Dungeon.
You were very hungry.

You visited 1 branch of the dungeon, and saw 3 of its levels.

You collected 98 gold pieces.

Inventory:

Hand Weapons
 a - a +0 war axe (weapon)
Armour
 b - a +1 shield (worn)
Jewellery
 e - a cursed ring of attention (left tentacle)
 f - an amulet of regeneration (around mantle)
 k - a cursed ring of teleportation (right tentacle)
Scrolls
 g - a scroll of teleportation
 m - a scroll of remove curse {unknown}
Potions
 h - a potion of cancellation
Comestibles
 d - 6 rations


   Skills:
 + Level 3.5 Fighting
 * Level 3.6 Axes
 + Level 3.2 Dodging
 + Level 1.6 Stealth
 + Level 3.3 Shields


You had 3 spell levels left.
You didn't know any spells.
Your spell library was empty.

Dungeon Overview and Level Annotations

Branches:
Dungeon (3/15)

Altars:

Annotations:
D:3 Sigmund


Innate Abilities, Weirdness & Mutations

You cannot wear most types of armour.
You are very stealthy in the water. (Stealth+)
You are amphibious.
You can wear up to eight rings at the same time.
You can use your tentacles to constrict eight enemies at once.
Your skin changes colour to match your surroundings (Stealth+).
Your rubbery body absorbs attacks. (AC +1, EV +1)
One of your tentacles bears a spike.
You are partially covered in slimy green scales. (AC +2)


Message History

You feel very mighty all of a sudden. Something hits you.
* * * LOW HITPOINT WARNING * * *
You feel better.
You hear some strange, mumbled words.
You are confused.
Something hits you.
You bump into the rock wall.
Something hits you!
* * * LOW HITPOINT WARNING * * *
You bump into the rock wall.
Something hits you.
* * * LOW HITPOINT WARNING * * *
Found a scroll labeled FAACKESIOH.
It was a potion of mutation.
You feel extremely strange.
Slimy green scales grow over part of your body.
One of your lower tentacles grows a sharp spike.
You feel agile all of a sudden.
You feel less confused.
A magic dart appears from out of thin air!
The magic dart hits you!
You die...

# #.. ##.# #.#####..
###.# # #........ ##.#)#
##
##...##.########....###.
......................'.
#......†...####....###.
##.#.#.###.# #.....# ##
#.# #.# #.##### # #@#
#.# #.# #.?..# #.# #.#
#..### #.# #.# #.. ..#
#.# ###### #. ### #.#
#..... #. #####.###.####
. #.........#### ##
#.###.##...... #.#
#.........


There were no monsters in sight!

Vanquished Creatures
  3 adders (D:2)
  2 oozes
  A worm (D:2)
  3 dart slugs (D:2)
  4 leopard geckos
  An orc (D:3)
  A bat (D:2)
  2 giant cockroaches (D:2)
  3 goblins
  6 hobgoblins
  4 jackals (D:2)
  5 kobolds
  A quokka (D:2)
  A ball python (D:1)
  5 frilled lizards
  9 rats
51 creatures vanquished.

Notes
Turn   | Place    | Note
-------+----------+-------------------------------------------
     0 | D:1      | Ijustatesigmund the Octopode Fighter began the quest for
                  | the Orb.
     0 | D:1      | Reached XP level 1. HP: 16/16 MP: 1/1
   256 | D:1      | Reached XP level 2. HP: 14/21 MP: 2/2
   970 | D:2      | Reached XP level 3. HP: 23/26 MP: 3/3
  1067 | D:2      | Reached skill level 1 in Stealth
  1067 | D:2      | Reached XP level 4. HP: 24/31 MP: 4/4
  1958 | D:3      | Noticed Sigmund
  1975 | D:3      | Gained mutation: You are partially covered in slimy green
                  | scales. (AC +2) [potion of mutation]
  1975 | D:3      | Gained mutation: One of your tentacles bears a spike.
                  | [potion of mutation]
  1976 | D:3      | Killed from afar by Sigmund

Levels and vault maps discovered:
D:1:      matt_arrival_grand_opening, layout_loops_corners
D:2:      layout_basic
D:3:      layout_loops_corners, first_ration, uniq_sigmund

Skill      XL: |  1  2  3 |
---------------+----------+-----
Axes           | 3 |  3.6
Stealth        | 1 |  1.6
Fighting       | |  3.5
Dodging        | |  3.2
Shields        | |  3.3

Action                   |  1- 3 |  4- 6 || total
-------------------------+-------+-------++-------
Melee: War axe           |    53 |    36 ||    89
       Constrict         |    12 |     6 ||    18
       Tentacles         |     9 |     9 ||    18
  Use: Scroll            |     3 |     4 ||     7
       Potion            |       |     4 ||     4
 Stab: Sleeping          |     4 |     1 ||     5
  Eat: Chunk             |       |     2 ||     2
Armor: Skin              |     4 |     5 ||     9
Dodge: Dodged            |    11 |    34 ||    45
Block: Shield            |    32 |    12 ||    44

Table legend:
 A = Non-vault XP
 B = Vault XP
 C = Vault XP percentage of total XP
 D = Non-vault monster count
 E = Vault monster count
 F = Vault count percentage of total count
                 A         B        C        D         E       F
            +---------+---------+-------+---------+---------+-------
      Total |     142 |       0 |   0.0 |      51 |       0 |   0.0
            +---------+---------+-------+---------+---------+-------
        D:1 |      27 |       0 |   0.0 |      16 |       0 |   0.0
        D:2 |     102 |       0 |   0.0 |      32 |       0 |   0.0
        D:3 |      13 |       0 |   0.0 |       3 |       0 |   0.0
            +---------+---------+-------+---------+---------+-------
